 Seeded DCSS version 0.30-a0-715-gdb4ae3ece1 (webtiles) character file.

Game seed: 80085 (custom seed)

16 Kuronicle the Ducker (level 2, -3/21 HPs)
             Began as an Octopode Monk on Jan 23, 2023.
             Succumbed to their own poison gas
             ... on level 1 of the Dungeon.
             The game lasted 00:01:39 (1012 turns).

Kuronicle the Ducker (Octopode Monk)                Turns: 1012, Time: 00:01:40

Health: -3/21      AC:  1    Str:  8 (10) XL:     2   Next: 54%
Magic:  2/2        EV: 13    Int: 11 (12) God:
Gold:   27         SH:  0    Dex: 12 (14) Spells: 1/1 levels left

rFire   . . .      SeeInvis .      - Unarmed
rCold   . . .      Faith    .    (no shield)
rNeg    . . .      Spirit   .    (helmet restricted)
rPois   .          Reflect  .    (no amulet)
rElec   .          Harm     .    (no ring)
rCorr   .          Rampage  .    (no ring)
Will    .....                    (no ring)
Stlth   +++                      (no ring)
HPRegen 0.23/turn                (no ring)
MPRegen 0.08/turn                (no ring)
                                 (no ring)
                                 (no ring)

@: mighty, brilliant, lethally poisoned (-3 -> -33)
A: almost no armour, amphibious, 8 rings, camouflage 1, gelatinous body 1,
(nimble swimmer 1), tentacles
a: no special abilities


You were on level 1 of the Dungeon.
You visited 1 branch of the dungeon, and saw 1 of its levels.

You collected 27 gold pieces.

Inventory:

Potions
 a - a potion of ambrosia
 d - 2 potions of curing


   Skills:
 + Level 3.2 Fighting
 + Level 3.2 Dodging
 + Level 2.8 Stealth
 + Level 3.2 Unarmed Combat


You had one spell level left.
You didn't know any spells.
Your spell library was empty.

Dungeon Overview and Level Annotations

Branches:
Dungeon (1/15)

Altars:


Innate Abilities, Weirdness & Mutations

You cannot wear most types of armour.
You are amphibious.
You can wear up to eight rings at the same time.
Your skin changes colour to match your surroundings (Stealth+).
Your rubbery body absorbs attacks. (AC +1, EV +1)
((You are camouflaged when in or above water. (Stealth+)))
You have tentacles for arms and can constrict up to eight enemies at once.


Message History

There is an open door here.
Done exploring.
Done exploring.
As you read the scroll labelled XOTZANL INYT, it crumbles to dust.
It is a scroll of amnesia.
You feel forgetful for a moment.
The air fills with toxic fumes!
As you read the scroll labelled CIJE XATHRA, it crumbles to dust.
It was a scroll of poison.
As you read the scroll labelled ORICAU IWUMO, it crumbles to dust.
You hear a loud clanging noise!
It was a scroll of noise.
As you read the scroll labelled DERRIRI YTRA, it crumbles to dust.
It is a scroll of identify.
d - 2 potions of curing It was a potion of degeneration.
There was something very wrong with that liquid.
You feel weakened.
You feel dopey.
You feel clumsy.
It was a potion of cancellation.
You feel magically purged.
It was a potion of brilliance.
You feel clever all of a sudden.
It was a potion of might.
You feel very mighty all of a sudden.
Really wriggle into that cloud of poison gas? [Y]es or [N]o only, please.
Really wriggle into that cloud of poison gas? [Y]es or [N]o only, please.
Really wriggle into that cloud of poison gas? [Y]es or [N]o only, please.
Really wriggle into that cloud of poison gas? [Y]es or [N]o only, please.
Really wriggle into that cloud of poison gas? [Y]es or [N]o only, please.
Really wriggle into that cloud of poison gas?
You are engulfed in poison gas.
You are poisoned.
You feel very sick.
You are engulfed in poison gas.
You are lethally poisoned!
* * * LOW HITPOINT WARNING * * *
You die...

#........# ####...
#####.#### ###.
######§#####
#######
#§§§§○☼☼§§§#
#......
#§§§§§§§§§§#
#.#####
#○§§§○§○§§○# #.#
######§§○§○○§§○§#
#.# ###
#.....§○○§§§§☼○§###
#.# #<.
#.....§§§§§§@○§○○§#
#.# #..
#.......###'#.§§○§#
#.# #'#
#.......###.#§☼§○☼#
#.# #..
#....)..#...#○§§§§#
#.# ##.
#.......#.#.#§§§§§#
#.# #.
#.......#.###§§☼§☼#
#.# ## #.......#.#
#§§§§○# #.#
#.......#.# #○☼☼§☼#
#.# #.......#.#
####### #.#


There were no monsters in sight!

Vanquished Creatures
  A dart slug (D:1)
  2 bats (D:1)
  An endoplasm (D:1)
  2 hobgoblins (D:1)
  2 quokkas (D:1)
  A ball python (D:1)
  3 frilled lizards (D:1)
  A kobold (D:1)
  A rat (D:1)
14 creatures vanquished.

Notes
Turn   | Place    | Note
-------+----------+-------------------------------------------
     0 | D:1      | Kuronicle the Octopode Monk began the quest for the Orb.
     0 | D:1      | Reached XP level 1. HP: 16/16 MP: 1/1
   198 | D:1      | Reached XP level 2. HP: 20/21 MP: 2/2
  1012 | D:1      | Succumbed to their own poison gas

Illustrated notes

Levels and vault maps discovered:
D:1:      sevenhm_arrival_forest_fort_small_3, layout_basic

Action                     || total
---------------------------++-------
  Melee: Unarmed           ||    35
         Constrict         ||    11
         Punch             ||     2
         Tentacles         ||     2
    Use: Scroll            ||     4
         Potion            ||     4
   Stab: Sleeping          ||     5
 Armour: Skin              ||     5
  Dodge: Dodged            ||    34

Table legend: (Time is in decaauts)
 A = Elapsed time spent in this place.
 B = Non-inter-level travel time spent in this place.
 C = Inter-level travel time spent in this place.
 D = Time resting spent in this place.
 E = Time spent auto-exploring this place.
 F = Levels seen in this place.
 G = Mean time per level.
                   A        B        C        D        E       F      G
               +--------+--------+--------+--------+--------+-----+--------+
         Total |   1009 |   1009 |      0 |      0 |    782 |   1 | 1009.0 |
       Dungeon |   1009 |   1009 |      0 |      0 |    782 |   1 | 1009.0 |
               +--------+--------+--------+--------+--------+-----+--------+

Top non-repeatable levels by time:
     D:1: 1009 daAuts
